[Event "Team 45 45 League T80"]
[Site "Internet Chess Club"]
[Date "2019.04.21"]
[Round "4"]
[White "primerpaso"]
[Black "harlyman"]
[Result "0-1"]
[WhiteElo "1794"]
[BlackElo "1850"]
[Opening "English opening"]
[ECO "D35"]
[Time "16:04:47"]
[TimeControl "2700+45"]

1. c4 e6 2. Nc3 d5 3. cxd5 exd5 4. d4 Nf6 5. g3 c6 6. Bg2 Bd6 7. Nf3 O-O 8. O-O
Bg4 9. Ne5 Bh5 10. Bf4 Re8 11. h3 Bg6 12. Qb3 b5 13. Nxg6 hxg6 14. Bxd6 Qxd6 15.
e3 a5 16. Rac1 a4 17. Qc2 Nbd7 18. b3 axb3 19. axb3 Ra3 20. Nb1 Ra6 21. Qc3 Rea8
22. Rc2 Ne4 23. Bxe4 dxe4 24. Rfc1 Nf6 25. Qc5 Qe6 26. Nd2 Qxh3 27. Qe7 Ra2 28.
Rxa2 Rxa2 29. Nxe4 Qf5 30. Qd8+ Kh7 31. Nxf6+ gxf6 32. Rf1 Kg7 33. Qd6 Qf3 34.
Qc5 Ra8 35. Qc2 Rh8 {White resigns} 0-1

[Event "Team 45 45 League T80"]
[Site "Internet Chess Club"]
[Date "2019.04.21"]
[Round "4"]
[White "Zugzwanged"]
[Black "kabindra"]
[Result "0-1"]
[WhiteElo "1727"]
[BlackElo "1720"]
[Opening "Scotch: Potter variation"]
[ECO "C45"]
[Time "15:01:07"]
[TimeControl "2700+45"]

1. e4 e5 2. Nf3 Nc6 3. d4 exd4 4. Nxd4 Bc5 5. Nb3 Bb6 6. Nc3 d6 7. Qe2 Nf6 8.
Be3 O-O 9. O-O-O Qe7 10. f3 Ne5 11. g4 a5 12. h4 a4 13. Nd4 Bxd4 14. Bxd4 c5 15.
Be3 b5 16. h5 b4 17. Nd5 Nxd5 18. exd5 Ba6 19. Qf2 Bxf1 20. Rhxf1 Nc4 21. Bd2
Qf6 22. c3 a3 23. g5 axb2+ 24. Kc2 Qf5+ 25. Kb3 Na5+ 26. Kxb2 bxc3+ 27. Kxc3
Qxd5 28. Be3 Qc4+ 29. Kd2 Qb4+ 30. Ke2 Nc4 31. Rb1 Rxa2+ 32. Kd3 Ne5# {White
checkmated} 0-1

[Event "Team 45 45 League T80"]
[Site "Internet Chess Club"]
[Date "2019.04.21"]
[Round "4"]
[White "Achelous11"]
[Black "ivanson"]
[Result "1/2-1/2"]
[WhiteElo "1606"]
[BlackElo "1666"]
[Opening "Four knights: Italian variation"]
[ECO "C55"]
[Time "15:01:02"]
[TimeControl "2700+45"]

1. e4 e5 2. Nf3 Nc6 3. Bc4 Nf6 4. Nc3 Nxe4 5. d4 Nd6 6. Bb3 exd4 7. Nxd4 Be7 8.
O-O O-O 9. a3 Bf6 10. Be3 Nxd4 11. Bxd4 Nf5 12. Bxf6 Qxf6 13. Re1 c6 14. Qd3 d5
15. Na4 Nd6 16. Rad1 Bf5 17. Qg3 Rfe8 18. c3 Qg6 19. Qf4 Rxe1+ 20. Rxe1 Re8 21.
Rxe8+ Nxe8 22. Qb8 Qe6 23. h3 Qc8 24. Qxa7 h6 25. Qb6 Nd6 26. Qe3 Qe6 27. Qf4
Qg6 28. Kh1 Qf6 29. Bd1 {Game drawn by mutual agreement} 1/2-1/2

[Event "Team 45 45 League T80"]
[Site "Internet Chess Club"]
[Date "2019.04.20"]
[Round "4"]
[White "freakypawn"]
[Black "santiagoelawad"]
[Result "1-0"]
[WhiteElo "1774"]
[BlackElo "1923"]
[Opening "Benoni defense"]
[ECO "A65"]
[Time "10:04:39"]
[TimeControl "2700+45"]

1. d4 Nf6 2. c4 c5 3. d5 e6 4. Nc3 exd5 5. cxd5 g6 6. e4 d6 7. Be2 Bg7 8. Bg5 a6
9. a4 Nbd7 10. Nf3 Qc7 11. O-O O-O 12. Qc2 Re8 13. Nd2 h6 14. Bf4 Nh7 15. Nc4
Ne5 16. Nxe5 dxe5 17. Be3 f5 18. f3 h5 19. Bc4 Qd6 20. a5 Bd7 21. Na4 Rac8 22.
Nb6 Rc7 23. Rac1 f4 24. Bf2 Bf8 25. Nxd7 Rxd7 26. Ba2 Rc8 27. b4 c4 28. Bc5 Rxc5
29. bxc5 Qxc5+ 30. Kh1 Qxa5 31. Qxc4 Bd6 32. Qc8+ Qd8 33. Rc2 Ng5 34. Rfc1 Kg7
35. Qxd8 Rxd8 36. Rc8 Rd7 37. Re8 Nf7 38. Rcc8 g5 39. Kg1 b6 40. Kf1 Bc5 41.
Rg8+ Kf6 42. Rc6+ Nd6 43. Rh8 h4 44. Rh6+ Kf7 45. Re6 Nb5 46. Rxe5 Nd4 47. Rc8
g4 48. fxg4 h3 49. gxh3 Kf6 50. Ree8 f3 51. h4 Rh7 52. Rh8 Re7 53. Rhe8 Rh7 54.
g5+ Kg6 55. Rg8+ Kh5 56. g6 Re7 57. g7 Kg4 58. Rce8 Rf7 59. d6 Rf6 60. d7 Nc2
61. Be6+ Kf4 62. d8=Q Rg6 63. Rgf8+ Ke3 64. g8=Q {Black resigns} 1-0

[Event "Team 45 45 League T80"]
[Site "Internet Chess Club"]
[Date "2019.04.19"]
[Round "4"]
[White "Portola"]
[Black "Packerfan"]
[Result "1-0"]
[WhiteElo "1787"]
[BlackElo "1690"]
[Opening "Queen's pawn game"]
[ECO "A45"]
[Time "16:02:55"]
[TimeControl "2700+45"]

1. d4 Nf6 2. c3 d5 3. Nf3 Nc6 4. Bg5 Bf5 5. e3 e6 6. Bb5 a6 7. Bxc6+ bxc6 8. Ne5
Be7 9. Nxc6 Qd6 10. Nxe7 Qxe7 11. Qa4+ Qd7 12. Qa3 Ne4 13. Bf4 Nd6 14. Nd2 O-O
15. O-O Rfb8 16. Bxd6 cxd6 17. b3 Rc8 18. Rac1 Rc6 19. Rfe1 Rac8 20. c4 dxc4 21.
Rxc4 d5 22. Rc5 Rxc5 23. dxc5 Qb5 24. b4 a5 25. Qxa5 Qxa5 26. bxa5 Rxc5 27. Nb3
Rc2 28. Rc1 Rxc1+ 29. Nxc1 e5 30. Kf1 Kf8 31. Ke2 Ke7 32. Kd2 Kd6 33. Kc3 Kc5
34. Nb3+ Kb5 35. h4 Bc8 36. g3 h5 37. f4 f6 38. fxe5 fxe5 39. a3 Ka4 40. a6 Bxa6
41. Nc5+ Kb5 42. Nd7 e4 43. Kd4 Kc6 44. Nc5 Bc4 45. Ne6 g6 46. Nf4 g5 47. hxg5
Kd6 48. g6 Ke7 49. Nxh5 Bb3 50. Nf4 Kf6 51. Nxd5+ Kxg6 52. Nc3 Kf5 53. a4 Kg4
54. a5 Be6 55. Nxe4 Bc8 56. Nc5 Kxg3 57. a6 {Black resigns} 1-0

[Event "Team 45 45 League T80"]
[Site "Internet Chess Club"]
[Date "2019.04.22"]
[Round "4"]
[White "sergerich191"]
[Black "QuieroAprender"]
[Result "1-0"]
[WhiteElo "1725"]
[BlackElo "1646"]
[Opening "Four knights: Scotch, 4...exd4"]
[ECO "C47"]
[Time "17:07:50"]
[TimeControl "2700+45"]

1. e4 e5 2. Nf3 Nc6 3. Nc3 Nf6 4. d4 exd4 5. Nxd4 Bc5 6. Be3 Nxd4 7. Bxd4 Bxd4
8. Qxd4 d6 9. f3 O-O 10. O-O-O Be6 11. g4 g6 12. h4 h5 13. g5 Ne8 14. f4 Bg4 15.
Re1 Ng7 16. Nd5 Ne8 17. Kb1 c6 18. Ne3 f5 19. Nxg4 fxg4 20. f5 gxf5 21. exf5
Rxf5 22. Bd3 Rd5 23. Bc4 Nc7 24. Qd3 Kh8 25. Bxd5 Nxd5 26. Qg6 Nf4 27. Qh6+ Kg8
28. Rhf1 Qf8 29. Re6 Qxh6 30. Rxh6 Rf8 31. Rxd6 Nd5 32. Rg6+ Kh7 33. Rh6+ Kg7
34. Rxf8 Kxf8 35. Re6 Nf4 36. Rf6+ {Black resigns} 1-0

[Event "Team 45 45 League T80"]
[Site "Internet Chess Club"]
[Date "2019.04.22"]
[Round "4"]
[White "MartyJR"]
[Black "Gojira"]
[Result "0-1"]
[WhiteElo "1336"]
[BlackElo "1584"]
[Opening "QGD Slav defense"]
[ECO "D10"]
[Time "21:00:47"]
[TimeControl "2700+45"]

1. d4 d5 2. c4 c6 3. Nc3 Nf6 4. e3 Bf5 5. cxd5 Nxd5 6. Nge2 Nb4 7. Ng3 Nc2+ 8.
Kd2 Bg6 9. Bd3 Bxd3 10. Kxd3 Nxa1 11. Ke2 c5 12. Bd2 cxd4 13. Qxa1 dxc3 14. Bxc3
Qd5 15. Rg1 Nd7 16. Rd1 Qb5+ 17. Ke1 e6 18. b3 Bb4 19. Ne2 Nf6 20. Bxb4 Qxb4+
21. Kf1 O-O 22. Rd4 Qb6 23. Nc3 Rfd8 24. Na4 Qa6+ 25. Kg1 Qc6 26. Rc4 Qe8 27.
Nc5 b6 28. Nb7 Rd7 {White resigns} 0-1

[Event "Team 45 45 League T80"]
[Site "Internet Chess Club"]
[Date "2019.04.20"]
[Round "4"]
[White "warsaviensis"]
[Black "MarcB"]
[Result "1-0"]
[WhiteElo "1896"]
[BlackElo "1675"]
[Opening "QGD Slav"]
[ECO "D11"]
[Time "15:00:51"]
[TimeControl "2700+45"]

1. d4 d5 2. Nf3 c6 3. e3 Nf6 4. c4 e6 5. Nbd2 Nbd7 6. Bd3 Bd6 7. O-O O-O 8. c5
Bc7 9. b4 e5 10. dxe5 Nxe5 11. Nxe5 Bxe5 12. Rb1 Re8 13. f4 Bc7 14. Nf3 Ne4 15.
Bxe4 Rxe4 16. Ng5 Re8 17. Qh5 h6 18. Qxf7+ Kh8 19. Bb2 Rg8 20. Qg6 Bf5 21. Nf7#
{Black checkmated} 1-0

[Event "Team 45 45 League T80"]
[Site "Internet Chess Club"]
[Date "2019.04.20"]
[Round "4"]
[White "joaoazm"]
[Black "Beetlejuice"]
[Result "0-1"]
[WhiteElo "1697"]
[BlackElo "1726"]
[Opening "Sicilian, Szén (`anti-Taimanov') variation"]
[ECO "B44"]
[Time "13:01:05"]
[TimeControl "2700+45"]

1. e4 c5 2. Nf3 Nc6 3. d4 cxd4 4. Nxd4 e6 5. Nb5 d6 6. Bf4 e5 7. Be3 Nf6 8. Bg5
Be7 9. Bxf6 gxf6 10. Bc4 a6 11. N5c3 Nd4 12. Nd5 b5 13. Bd3 Bd7 14. c3 Ne6 15.
O-O Nc5 16. Qc2 O-O 17. Rd1 Kh8 18. Be2 Rg8 19. Kh1 Rc8 20. Nd2 Bf8 21. Nf3 Bh6
22. a3 Be6 23. Nh4 Rc6 24. Rab1 Bg5 25. Nf5 Bxf5 26. exf5 Re8 27. c4 bxc4 28.
Qxc4 Qc8 29. Nb4 Rc7 30. h4 Bh6 31. Nxa6 Nxa6 32. Qxa6 Qxf5 33. Qb5 Rec8 34. Kg1
Rc2 35. Bf3 Qf4 36. Rxd6 Qxh4 37. Qb6 Bf4 38. Rd8+ Kg7 39. g3 Bxg3 40. Kf1 Rxd8
41. b3 Rxf2+ 42. Qxf2 Bxf2 43. Rb2 Bd4 44. Ra2 Qf4 45. Kg2 Rc8 46. b4 Rc1 47.
Rf2 Bxf2 48. Kxf2 Rc2+ {White resigns} 0-1

[Event "Team 45 45 League T80"]
[Site "Internet Chess Club"]
[Date "2019.04.20"]
[Round "4"]
[White "WillC"]
[Black "fireball"]
[Result "1/2-1/2"]
[WhiteElo "1694"]
[BlackElo "1606"]
[Opening "Modern defense"]
[ECO "A40"]
[Time "14:02:37"]
[TimeControl "2700+45"]

1. d4 g6 2. Nf3 Bg7 3. b3 d5 4. Bb2 Nc6 5. e3 Nf6 6. Nbd2 a6 7. c4 e6 8. Be2 O-O
9. O-O Bd7 10. Rc1 Ne7 11. Ne5 Ne8 12. f4 f6 13. Nxd7 Qxd7 14. Nf3 Nd6 15. Re1
Nef5 16. Bd3 Rfe8 17. c5 Ne4 18. Bxe4 dxe4 19. Nd2 Qc6 20. Qc2 Ne7 21. Nxe4 Nd5
22. a3 e5 23. Qc4 Kh8 24. fxe5 fxe5 25. dxe5 Bxe5 26. Bxe5+ Rxe5 27. Qd4 Re8 28.
Ng5 Kg8 29. Qh4 R8e7 30. e4 Nf6 31. Rf1 Nxe4 32. Nxe4 Qxe4 33. Qf6 Qd4+ 34. Kh1
Qd8 35. b4 Qe8 36. h3 Rf7 37. Qh4 Rxf1+ 38. Rxf1 Re4 39. Qg3 c6 40. Qb3+ Kg7 41.
Qc3+ Qe5 42. Qf3 Qe7 43. Qc3+ Kg8 44. Qb3+ Qe6 45. Qg3 Qe5 {Game drawn by mutual
agreement} 1/2-1/2

[Event "Team 45 45 League T80"]
[Site "Internet Chess Club"]
[Date "2019.04.20"]
[Round "4"]
[White "Insan996"]
[Black "Demachaeron"]
[Result "0-1"]
[WhiteElo "1601"]
[BlackElo "1887"]
[Opening "QGD Slav: exchange variation"]
[ECO "D13"]
[Time "16:44:09"]
[TimeControl "2700+45"]

1. d4 d5 2. c4 c6 3. cxd5 cxd5 4. Nf3 Nf6 5. Nc3 Nc6 6. Bf4 Qb6 7. Qd2 e6 8. e3
Ne4 9. Qc2 Bb4 10. Bd3 Nf6 11. O-O Qd8 12. Nb5 Ba5 13. Nd6+ Ke7 14. Qc5 Bb4 15.
Nxc8+ Kd7 16. Qb5 Kxc8 17. Rac1 Qb6 18. Qa4 Kd8 19. Ne5 Nxe5 20. Bxe5 Bd6 21.
Bxd6 Qxd6 22. Rc2 Ke7 23. Rfc1 Rhd8 24. Bb5 a6 25. Rc7+ Kf8 26. Bd3 b5 27. Qa5
Rd7 28. Bxb5 Rxc7 29. Rxc7 Rb8 30. Bxa6 Rxb2 31. Rc8+ Ke7 32. Rc7+ Nd7 33. g3
Rb6 34. Rxd7+ Kxd7 35. Bb5+ Ke7 36. Qa7+ Kf6 37. Be8 Rb1+ 38. Kg2 Qe7 39. Qxe7+
Kxe7 40. Ba4 Kd6 41. Kf3 f6 42. Bb3 h5 43. h4 g5 44. hxg5 fxg5 45. Ba4 Rg1 46.
Be8 h4 47. gxh4 gxh4 48. Bh5 h3 49. Bg4 h2 {White resigns} 0-1

[Event "Team 45 45 League T80"]
[Site "Internet Chess Club"]
[Date "2019.04.20"]
[Round "4"]
[White "Monterrey"]
[Black "limeinthecoke"]
[Result "1/2-1/2"]
[WhiteElo "1962"]
[BlackElo "1737"]
[Opening "Dutch defense, Rubinstein variation"]
[ECO "A40"]
[Time "19:01:18"]
[TimeControl "2700+45"]

1. d4 e6 2. c4 f5 3. Nc3 Nf6 4. e3 Be7 5. Bd3 b6 6. Qc2 Bb7 7. f3 g6 8. Nge2 O-O
9. O-O c5 10. d5 Na6 11. a3 Nc7 12. e4 fxe4 13. fxe4 Ng4 14. Bf4 Bg5 15. Qd2
Bxf4 16. Rxf4 Ne5 17. Raf1 Rxf4 18. Rxf4 Qe7 19. b3 Rf8 20. Bc2 Ne8 21. Rxf8+
Qxf8 22. Qf4 Qxf4 23. Nxf4 g5 24. Nd3 Nxd3 25. Bxd3 Kf7 26. Kf2 Kf6 27. Ke3 Nd6
28. b4 Ba6 29. b5 Bb7 30. g3 Nf7 31. Be2 Ne5 32. a4 d6 33. Kd2 exd5 34. exd5 h6
35. Ne4+ Ke7 36. Kc3 Bc8 37. a5 Bg4 38. axb6 axb6 39. Bxg4 Nxg4 40. h3 Nf6 41.
Kd3 Nxe4 42. Kxe4 Kf6 43. g4 Kg6 44. Kf3 h5 45. Ke3 h4 46. Kf3 {Game drawn by
mutual agreement} 1/2-1/2

[Event "Team 45 45 League T80"]
[Site "Internet Chess Club"]
[Date "2019.04.22"]
[Round "4"]
[White "freakypawn"]
[Black "laurenpar"]
[Result "0-1"]
[WhiteElo "1762"]
[BlackElo "1884"]
[Opening "Dutch defense"]
[ECO "A91"]
[Time "21:03:46"]
[TimeControl "2700+45"]

1. d4 e6 2. c4 f5 3. g3 Nf6 4. Bg2 Be7 5. Nh3 O-O 6. O-O d6 7. Qb3 c6 8. Nc3 Na6
9. e4 fxe4 10. Nxe4 Nxe4 11. Bxe4 e5 12. Bg2 exd4 13. c5+ d5 14. Qd3 Bf6 15. Qa3
Qe7 16. b4 Bf5 17. Bb2 Qe2 18. Nf4 Qc4 19. Rad1 Qxb4 20. Qxb4 Nxb4 21. a3 Na6
22. Bxd4 Bxd4 23. Rxd4 Nxc5 24. Rc1 Nb3 {White resigns} 0-1

[Event "Team 45 45 League T80"]
[Site "Internet Chess Club"]
[Date "2019.04.22"]
[Round "4"]
[White "warsaviensis"]
[Black "Beddathanme"]
[Result "1-0"]
[WhiteElo "1906"]
[BlackElo "1744"]
[Opening "Queen's pawn"]
[ECO "A40"]
[Time "12:00:26"]
[TimeControl "2700+45"]

1. d4 c6 2. Nf3 d6 3. e3 Qc7 4. c4 Bg4 5. h3 Bh5 6. Nbd2 Nd7 7. b3 e5 8. Bb2
Ngf6 9. Bd3 Bg6 10. Bxg6 hxg6 11. Qc2 Be7 12. O-O O-O 13. Rac1 Rac8 14. Rfd1
Rfe8 15. dxe5 Nxe5 16. Nxe5 dxe5 17. a3 a5 18. c5 Nd5 19. e4 Nf4 20. Nf3 f6 21.
Qc4+ Kh7 22. g3 Nh5 23. b4 Rcd8 24. Kg2 Rxd1 25. Rxd1 Bf8 26. Bc3 axb4 27. axb4
Rd8 28. Bxe5 fxe5 29. Ng5+ Kh6 30. Rxd8 {Black resigns} 1-0

[Event "Team 45 45 League T80"]
[Site "Internet Chess Club"]
[Date "2019.04.20"]
[Round "4"]
[White "nealbruce"]
[Black "Otelo"]
[Result "1-0"]
[WhiteElo "1727"]
[BlackElo "1608"]
[Opening "Sicilian: Alapin's variation (2.c3)"]
[ECO "B22"]
[Time "12:01:05"]
[TimeControl "2700+45"]

1. e4 c5 2. c3 Nf6 3. e5 Nd5 4. d4 cxd4 5. cxd4 d6 6. Nf3 Nc6 7. Bc4 Nb6 8. Bb3
dxe5 9. dxe5 Qxd1+ 10. Bxd1 Bg4 11. O-O O-O-O 12. Re1 Nb4 13. Bb3 Bxf3 14. gxf3
Nd3 15. Re2 Nxc1 16. Rc2+ Kb8 17. Rxc1 e6 18. Nc3 Bb4 19. f4 Rd4 20. Ne2 Rd2 21.
Rc2 Rhd8 22. Rac1 Rxc2 23. Rxc2 g6 24. Kg2 Rd2 25. Rxd2 Bxd2 26. Kf3 Kc7 27. Ng3
Bc1 28. Ne4 Nc8 29. Ng5 Bxb2 30. Nxf7 Ne7 31. Ng5 h6 32. Nxe6+ Kd7 33. Ke4 b5
34. Nf8+ Kc6 35. Bf7 a5 36. Bxg6 Nxg6 37. Nxg6 b4 38. Ne7+ Kd7 39. Nd5 Kc6 40.
f5 Kd7 41. e6+ Ke8 42. f6 Bxf6 43. Nxf6+ Ke7 44. Ke5 a4 45. Nd5+ {Black resigns}
1-0

[Event "Team 45 45 League T80"]
[Site "Internet Chess Club"]
[Date "2019.04.21"]
[Round "4"]
[White "fishhead"]
[Black "LinceHispano44"]
[Result "1/2-1/2"]
[WhiteElo "1720"]
[BlackElo "1739"]
[Opening "French: Tarrasch, open variation"]
[ECO "C07"]
[Time "12:00:28"]
[TimeControl "2700+45"]

1. e4 e6 2. d4 d5 3. Nd2 c5 4. Ngf3 dxe4 5. Nxe4 cxd4 6. Nxd4 e5 7. Nb5 Qxd1+ 8.
Kxd1 Kd7 9. Bc4 a6 10. Nbc3 f6 11. Be3 Ne7 12. Na4 b5 13. Nb6+ Kc6 14. Nxa8 bxc4
15. Nb6 Be6 16. b3 c3 17. Nxc3 Nf5 18. Nc4 Bb4 19. Ne4 Nh4 20. c3 Be7 21. Ke2
Nxg2 22. Na5+ Kc7 23. Rhg1 Nxe3 24. Kxe3 g5 25. b4 Nd7 26. Nb3 Kc6 27. Nbd2 h6
28. f3 Nb6 29. Rgc1 f5 30. Nf2 Nd5+ 31. Ke2 Nf4+ 32. Kd1 h5 33. Kc2 h4 34. a3 h3
35. Nd3 Nxd3 36. Kxd3 Bd6 37. Nf1 Rh4 38. c4 e4+ 39. fxe4 fxe4+ 40. Ke2 e3 41.
Nxe3 Bxh2 42. Rh1 Be5 43. Rag1 g4 44. Kf2 g3+ 45. Rxg3 Bxg3+ 46. Kxg3 Rd4 47.
Kf3 Rd3 48. a4 Rd4 49. b5+ axb5 50. cxb5+ Kb6 51. Rc1 Bd7 52. Nc4+ Kb7 53. Ke3
Rh4 54. Ne5 Be8 55. Rh1 {Game drawn by mutual agreement} 1/2-1/2

[Event "Team 45 45 League T80"]
[Site "Internet Chess Club"]
[Date "2019.04.19"]
[Round "4"]
[White "VictorRed"]
[Black "room-matt"]
[Result "1-0"]
[WhiteElo "1711"]
[BlackElo "1751"]
[Opening "Four knights: Italian variation"]
[ECO "C47"]
[Time "09:02:03"]
[TimeControl "2700+45"]

1. e4 e5 2. Nc3 Nf6 3. Nf3 Nc6 4. Bc4 Nxe4 5. Bxf7+ Kxf7 6. Nxe4 d5 7. Neg5+ Kg8
8. d3 h6 9. Nh3 Bg4 10. Qe2 Nd4 11. Nxd4 Bxe2 12. Nxe2 Bc5 13. O-O Qf6 14. Nc3
Rd8 15. Kh1 g5 16. Be3 d4 17. Ne4 Qc6 18. Bd2 Bf8 19. Rac1 Bg7 20. f3 Kh7 21.
Nhf2 Rhf8 22. c4 Rf5 23. Ng3 Rf7 24. Rfe1 Qb6 25. b3 Rdf8 26. Ng4 Re7 27. Re4
Qd6 28. b4 c5 29. a3 Qa6 30. Ra1 Qa4 31. Nf2 b6 32. Ree1 Rc7 33. Nge4 Rg8 34.
Red1 Kh8 35. Nd6 Qd7 36. Nde4 Rf8 37. b5 Qe6 38. Ng3 Rcf7 39. Re1 Qg6 40. Re4 h5
41. h3 h4 42. Nf1 Qh5 43. Ng4 Rf5 44. Nfh2 Qe8 45. a4 Qb8 46. Rae1 Qc7 47. Nf1
a6 48. Ra1 Qc8 49. Rae1 axb5 50. axb5 Qc7 51. Ra1 Qb7 52. Ree1 Ra8 53. Nfh2 Rxa1
54. Rxa1 Kg8 55. Nf2 Kf7 56. Ne4 Qe7 57. Ra6 Kg8 58. Rxb6 Kh7 59. Rc6 Bf8 60.
Ng4 Qa7 61. Ra6 Qg7 62. Ngf6+ Kh8 63. Ng4 Kh7 64. Ba5 Qb7 65. Rc6 Qa8 66. Ra6
Qb7 67. Bd8 Be7 68. Bxe7 Qxe7 69. b6 Qd8 70. Nxc5 Qb8 71. b7 Rf8 72. Nf6+ Rxf6
73. Rxf6 Kg7 74. Rb6 {Black resigns} 1-0

[Event "Team 45 45 League T80"]
[Site "Internet Chess Club"]
[Date "2019.04.19"]
[Round "4"]
[White "bgolev"]
[Black "ARMAND02019"]
[Result "1-0"]
[WhiteElo "1855"]
[BlackElo "1634"]
[Opening "Queen's pawn game, Krause variation"]
[ECO "D02"]
[Time "16:07:35"]
[TimeControl "2700+45"]

1. d4 d5 2. Nf3 c5 3. e3 e6 4. c4 Nf6 5. Nc3 Be7 6. Bd2 Nc6 7. cxd5 exd5 8. Be2
O-O 9. O-O a6 10. Rc1 Bf5 11. a3 c4 12. Nh4 Be6 13. g3 Nd7 14. Ng2 Na5 15. e4
Nb3 16. exd5 Nxc1 17. Bxc4 Bh3 18. Bxc1 Nf6 19. Re1 b5 20. Bd3 Rc8 21. Nf4 Bd7
22. Ne4 Nxe4 23. Bxe4 g6 24. Nd3 Bd6 25. Ne5 Re8 26. f4 f6 27. Nc6 Bxc6 28. dxc6
f5 29. Bf3 Rxe1+ 30. Qxe1 Qf6 31. Be3 Re8 32. Qc3 Qe7 33. Bf2 b4 34. axb4 Bxb4
35. Qc4+ Kf8 36. d5 Be1 37. Bc5 {Black resigns} 1-0

[Event "Team 45 45 League T80"]
[Site "Internet Chess Club"]
[Date "2019.04.23"]
[Round "4"]
[White "QuieroAprender"]
[Black "Goli"]
[Result "1-0"]
[WhiteElo "1665"]
[BlackElo "1703"]
[Opening "Nimzovich-Larsen attack: modern variation"]
[ECO "A01"]
[Time "14:30:25"]
[TimeControl "2700+45"]

1. b3 e5 2. Bb2 Nc6 3. e4 Nf6 4. Nf3 d6 5. Nc3 Bg4 6. Be2 Be7 7. h3 Bh5 8. g4
Bg6 9. d3 h6 10. Nh4 Bh7 11. Nf5 Bxf5 12. gxf5 Nd4 13. Bf1 Nh5 14. Qxh5 Nxc2+
15. Kd1 Nxa1 16. Bxa1 Bh4 17. Nd5 Bxf2 18. Rh2 Bb6 19. Rg2 Kf8 20. Nxb6 axb6 21.
d4 f6 22. Qg6 Qe7 23. Bc4 h5 24. Bc3 Rh6 25. Qxh6 {Black resigns} 1-0

[Event "Team 45 45 League T80"]
[Site "Internet Chess Club"]
[Date "2019.04.20"]
[Round "4"]
[White "idjit"]
[Black "harlyman"]
[Result "1/2-1/2"]
[WhiteElo "1623"]
[BlackElo "1835"]
[Opening "Petrov: classical attack"]
[ECO "C42"]
[Time "16:00:53"]
[TimeControl "2700+45"]

1. e4 e5 2. Nf3 Nf6 3. Nxe5 d6 4. Nf3 Nxe4 5. d4 d5 6. Bd3 Be7 7. O-O Nc6 8. c3
O-O 9. Re1 Bf5 10. Qc2 Qd7 11. Nbd2 Nd6 12. b3 Rae8 13. Ba3 Bxd3 14. Qxd3 Nf5
15. Bxe7 Nfxe7 16. Re2 Ng6 17. Rxe8 Rxe8 18. Re1 Rxe1+ 19. Nxe1 Qe6 20. Nc2 Nf4
21. Qf3 Qh6 22. Ne3 Ne7 23. Ndf1 c6 24. Ng3 Ne6 25. h3 Qg6 26. Ngf5 Nxf5 27.
Qxf5 Qxf5 28. Nxf5 Nf4 29. Kf1 Kf8 30. g3 Ne6 {Game drawn by mutual agreement}
1/2-1/2

[Event "Team 45 45 League T80"]
[Site "Internet Chess Club"]
[Date "2019.04.19"]
[Round "4"]
[White "MartyJR"]
[Black "evan7284"]
[Result "0-1"]
[WhiteElo "1343"]
[BlackElo "1596"]
[Opening "QGD: 3.Nc3"]
[ECO "D31"]
[Time "12:04:18"]
[TimeControl "2700+45"]

1. d4 d5 2. c4 e6 3. Nc3 f5 4. cxd5 exd5 5. Nf3 Nf6 6. Bg5 c6 7. e3 Bd6 8. Be2
Be6 9. Ne5 O-O 10. O-O Qe8 11. Rc1 Nbd7 12. Bf4 Qb8 13. Nxd7 Bxd7 14. Bxd6 Qxd6
15. Qc2 Qe7 16. Rfe1 Ne4 17. Nxe4 fxe4 18. Qc5 Qg5 19. Qd6 Qf5 20. Qg3 Rf6 21.
f4 exf3 22. Bxf3 Rg6 23. Qf4 Qe6 24. Qe5 Qxe5 25. dxe5 Bg4 26. Bxg4 Rxg4 27. Rf1
Re4 28. Rf3 Rxe5 29. Rcf1 Rae8 30. Rf7 R5e7 31. Rxe7 Rxe7 32. Re1 d4 33. e4 c5
34. Kf2 Kf7 35. Kf3 Ke6 36. Ke2 Ke5 37. Kd3 Rf7 38. Re2 Rf4 39. b3 b6 40. a4 g5
41. g3 Rf3+ 42. Kc4 Re3 43. Rxe3 dxe3 44. Kd3 e2 45. Kxe2 Kxe4 46. h3 h5 47. h4
g4 48. Kf2 Kd3 49. Kg2 Kc3 50. Kf2 Kxb3 51. Ke3 c4 52. Kd2 Kb2 {White resigns}
0-1

[Event "Team 45 45 League T80"]
[Site "Internet Chess Club"]
[Date "2019.04.23"]
[Round "4"]
[White "Bible-Believer"]
[Black "Andaluz"]
[Result "1/2-1/2"]
[WhiteElo "1356"]
[BlackElo "1237"]
[Opening "Sicilian: Najdorf, 6.Bg5"]
[ECO "B94"]
[Time "15:00:31"]
[TimeControl "2700+45"]

1. e4 c5 2. Nf3 d6 3. d4 cxd4 4. Nxd4 Nf6 5. Nc3 a6 6. Bg5 Nbd7 7. f4 Qb6 8. Nb3
Qe3+ 9. Qe2 Qxe2+ 10. Bxe2 h6 11. Bh4 e6 12. O-O-O Be7 13. e5 dxe5 14. Rxd7 Bxd7
15. fxe5 Ng8 16. Bf2 Bg5+ 17. Kb1 Ne7 18. Ne4 Bf4 19. Nd6+ Kf8 20. Bg3 Bxg3 21.
hxg3 Bc6 22. Rf1 Nf5 23. Nxf5 exf5 24. Rxf5 Ke7 25. Bc4 Rhf8 26. Rf2 Rad8 27.
Nd2 b5 28. Bb3 Bd5 29. Kc1 Be6 30. Ne4 Bxb3 31. axb3 Rd5 32. Nd6 Ke6 33. Nf5
Rxe5 34. Nxg7+ Ke7 35. Nf5+ Ke6 36. Ng7+ Ke7 37. Nf5+ Ke6 38. Ng7+ Ke7 39. Nf5+
Ke6 {Game drawn by repetition} 1/2-1/2

[Event "Team 45 45 League T80"]
[Site "Internet Chess Club"]
[Date "2019.04.20"]
[Round "4"]
[White "olivermx"]
[Black "kingsrook"]
[Result "1-0"]
[WhiteElo "1250"]
[BlackElo "1190"]
[Opening "Sicilian defense"]
[ECO "B40"]
[Time "13:10:02"]
[TimeControl "2700+45"]

1. e4 c5 2. Nf3 e6 3. c3 Nc6 4. d4 cxd4 5. cxd4 Bb4+ 6. Nbd2 Nf6 7. Bd3 d6 8.
O-O O-O 9. h3 e5 10. d5 Ne7 11. a3 Ba5 12. b4 Bb6 13. Nc4 Bc7 14. Be3 b5 15.
Ncd2 a6 16. Qe2 Ng6 17. Nb3 Re8 18. Nfd2 Nf4 19. Bxf4 exf4 20. Qf3 Qe7 21. Qxf4
Qe5 22. Qxe5 Rxe5 23. Rac1 Ra7 24. Nd4 Bd7 25. Rfe1 Bb6 26. N4f3 Re8 27. Bc2 h6
28. Bb3 a5 29. e5 dxe5 30. Nxe5 Bf5 31. d6 axb4 32. Bxf7+ Kh7 33. Bxe8 Nxe8 34.
axb4 Nxd6 35. Rc6 Nc8 36. g4 Bd3 {Black resigns} 1-0

[Event "Team 45 45 League T80"]
[Site "Internet Chess Club"]
[Date "2019.04.21"]
[Round "4"]
[White "wildwood"]
[Black "kabindra"]
[Result "1-0"]
[WhiteElo "1558"]
[BlackElo "1702"]
[Opening "Ruy Lopez: Caro variation"]
[ECO "C70"]
[Time "12:00:29"]
[TimeControl "2700+45"]

1. e4 e5 2. Nf3 Nc6 3. Bb5 a6 4. Ba4 b5 5. Bb3 Nf6 6. d3 Be7 7. O-O d6 8. c3 Na5
9. Bc2 c5 10. Re1 Bb7 11. Nbd2 Qc7 12. Nf1 O-O 13. Ng3 Rfe8 14. Bg5 Bc8 15. Rc1
Be6 16. Bb1 c4 17. d4 Rad8 18. h3 h6 19. Be3 Nh7 20. Qd2 Bc8 21. Nh2 Bg5 22. f4
exf4 23. Bxf4 Nc6 24. Qf2 Bh4 25. Qc2 Nf8 26. Nf3 Bf6 27. Nh5 Be7 28. Qd2 g6 29.
Ng3 h5 30. e5 dxe5 31. Nxe5 Bd6 32. Qf2 Nxe5 33. dxe5 Bxe5 34. Bxe5 Rxe5 35. Ne4
Nh7 36. Rcd1 Rxd1 37. Rxd1 Rf5 38. Qd2 Qb6+ 39. Kh1 Kg7 40. Nd6 Rf2 41. Ne8+ Kf8
42. Qh6+ Kxe8 43. Qxh7 Qf6 44. Qg8+ Ke7 45. Qd8+ Ke6 46. Qd6# {Black checkmated}
1-0

[Event "Team 45 45 League T80"]
[Site "Internet Chess Club"]
[Date "2019.04.19"]
[Round "4"]
[White "julesraider"]
[Black "tightfist"]
[Result "0-1"]
[WhiteElo "1569"]
[BlackElo "1479"]
[Opening "Queen's bishop game"]
[ECO "A45"]
[Time "12:03:01"]
[TimeControl "2700+45"]

1. d4 Nf6 2. Bf4 d5 3. Nf3 e6 4. e3 Bd6 5. Bg3 O-O 6. Bd3 c5 7. c3 Nc6 8. Nbd2
cxd4 9. exd4 Re8 10. Ne5 Qc7 11. Ndf3 Bd7 12. Qc2 a6 13. O-O-O g6 14. h4 Na5 15.
h5 Kg7 16. hxg6 hxg6 17. Bxg6 Rh8 18. Nxf7 Bf4+ 19. Bxf4 Qxf4+ 20. Kb1 Rxh1 21.
Rxh1 Nc4 22. Rh4 Qc7 23. N3g5 Qb6 24. Bh7 Na3+ 25. Kc1 Nxc2 26. Bxc2 Qb5 27. Rh1
Qe2 28. Rh6 Qf1+ 29. Bd1 Qxf2 30. Bc2 Qe3+ 31. Kd1 Qg1+ 32. Ke2 Qxg2+ 33. Kd1
Qf1+ 34. Kd2 Ne4+ 35. Bxe4 dxe4 36. Rh7+ Kg6 37. Rh6+ Kf5 {White forfeits on
time} 0-1